 Dungeon Crawl Stone Soup version 0.23-a0-242-g2b5ca64 (webtiles) character file.

7029 MisterFreud the Slicer (level 11, -3/69 HPs)
             Began as a Kobold Berserker on Sept 28, 2018.
             Was an Elder of Trog.
             Slain by an unseen horror (9 damage)
             ... on level 10 of the Dungeon.
             The game lasted 00:22:28 (10209 turns).

MisterFreud the Slicer (Kobold Berserker)          Turns: 10209, Time: 00:22:29

Health: -3/69      AC:  7    Str: 19    XL:     11   Next: 29%
Magic:  15/15      EV: 21    Int:  8    God:    Trog [****..]
Gold:   502        SH:  5    Dex: 14    Spells: 10/10 levels left

rFire    + . .     SeeInvis .   x - +1 short sword (vamp)
rCold    . . .     Gourm    .   (shield restricted)
rNeg     . . .     Faith    .   b - +0 animal skin
rPois    .         Spirit   .   (no helmet)
rElec    .         Reflect  +   s - +2 cloak
rCorr    .         Harm     .   j - +0 pair of gloves
MR       ++...                  (no boots)
Stlth    ++++......             d - +5 amulet of reflection
HPRegen  1.21/turn              A - +1 ring of protection
MPRegen  0.14/turn              C - ring of protection from fire

@: regenerating, hasted, very quick
A: small, carnivore
a: Berserk, Trog's Hand, Brothers in Arms, Renounce Religion


You were on level 10 of the Dungeon.
You worshipped Trog.
Trog was greatly pleased with you.
You were very full.

You visited 1 branch of the dungeon, and saw 10 of its levels.

You collected 502 gold pieces.

Inventory:

Hand Weapons
 a - a +0 short sword
 e - a +1 dagger of venom
 p - a +0 short sword of electrocution
 x - a +1 vampiric short sword (weapon)
Missiles
 h - 126 arrows
 m - 186 stones (quivered)
 n - 130 sling bullets
 u - 31 poisoned needles
 y - a throwing net
 B - 2 tomahawks
 F - 4 needles of sleeping
Armour
 b - a +0 animal skin (worn)
 j - a +0 pair of gloves (worn)
 s - a +2 cloak (worn)
Jewellery
 d - a +5 amulet of reflection (around neck)
 A - a +1 ring of protection (left hand)
 C - a ring of protection from fire (right hand)
Wands
 f - a wand of paralysis (27)
 v - a wand of flame (19)
Scrolls
 g - 6 scrolls of remove curse
Potions
 i - a potion of might
 k - 4 potions of curing
 l - 4 potions of mutation
 o - 2 potions of haste
 q - a potion of lignification
 r - a potion of agility
 t - a potion of berserk rage {unknown}
 w - a potion of cancellation {unknown}
 z - a potion of degeneration {unknown}
 G - 2 potions of heal wounds {unknown}
Comestibles
 c - 18 rations


   Skills:
 + Level 8.9 Fighting
 - Level 13.1 Short Blades
 - Level 1.5 Armour
 - Level 10.0 Dodging
 - Level 8.0 Stealth
 - Level 6.0 Evocations


You had 10 spell levels left.
You didn't know any spells.
Your spell library contained the following spells:

 Spells                   Type           Power        Failure   Level  Hunger
 Confusing Touch          Hex            #.....       41%         1    ##.....
 Freeze                   Ice            #...         41%         1    ##.....
 Throw Frost              Conj/Ice       #.....       54%         2    ###....
 Confuse                  Hex            #.......     78%         3    ####...
 Gell's Gravitas          Tloc           #.........   78%         3    ####...
 Ozocubu's Armour         Chrm/Ice       #.......     78%         3    ####...
 Recall                   Summ/Tloc      N/A          78%         3    ####...
 Iskenderun's Mystic Bla  Conj           #.......     99%         4    #####..
 Petrify                  Tmut/Erth      #.......     99%         4    #####..
 Summon Ice Beast         Ice/Summ       #.......     99%         4    #####..
 Throw Icicle             Conj/Ice       #.......     99%         4    #####..
 Irradiate                Conj/Tmut      #.........   100%        5    ######.
 Metabolic Englaciation   Hex/Ice        #.........   100%        5    ######.
 Yara's Violent Unravell  Hex/Tmut       #.........   100%        5    ######.


Dungeon Overview and Level Annotations

Branches:
Dungeon (10/15)            Temple (0/1) D:7            Lair (0/6) D:10
    Orc (0/2) D:9

Altars:
Cheibriados
Fedhas
Gozag
Kikubaaqudgha
Okawaru
Wu Jian
Yredelemnul
Zin
The Shining One

Annotations:
D:5 2 transporters


Innate Abilities, Weirdness & Mutations

You are small and have problems with some larger weapons.
You are carnivorous and can eat meat at any time.


Message History

* * * LOW HITPOINT WARNING * * *
There is an open door here.
You hit something. Something hits you.
* * * LOW HITPOINT WARNING * * *
Something barely misses you. x2
You feel better. Something misses you.
Okay, then.
Put on which piece of jewellery? (? for menu, Esc to quit)
Okay, then.
Unknown command.
Unknown command.
As you read the scroll of fog, it crumbles to dust.
The scroll dissolves into smoke.
Something completely misses you. Something hits you!
* * * LOW HITPOINT WARNING * * *
Something barely misses you. Something hits you.
* * * LOW HITPOINT WARNING * * *
You feel yourself speed up. Something hits you!
You die...

#.## #..#
##.# #.# #.#
#.# #.# #.#
#@# #{# #§#
#§#
#######§##
#.....§§§#...
+........'.#
#........###
#........#


There were no monsters in sight!

Vanquished Creatures
  A two-headed ogre (D:8)
  Pikel (D:4)
  2 centaur zombies (D:10)
  Prince Ribbit (D:6)
  Sigmund (D:6)
  A spriggan (D:10)
  A hungry ghost (D:10)
  A porcupine (D:10)
  A water moccasin (D:9)
  Duvessa (D:4)
  5 orc warriors
  A sky beast (D:5)
  2 slaves (D:3)
  5 black bears (D:10)
  5 necrophages (D:8)
  An ice beast (D:8)
  4 ogres
  3 centaurs
  A crocodile (D:10)
  Blork the orc (D:6)
  A bullfrog (D:10)
  A gnoll sergeant (D:10)
  Dowan (D:4)
  4 scorpions
  11 killer bees
  3 howler monkeys
  An electric eel (D:6)
  2 crimson imps
  A bullfrog zombie (D:9)
  3 quasits
  4 orc priests
  A gnoll shaman (D:5)
  4 hounds
  Crazy Yiuf (D:2)
  2 bullfrog skeletons
  2 iguanas (D:9)
  7 orc wizards
  8 worker ants
  4 hound zombies
  A howler monkey zombie (D:6)
  11 gnolls
  12 adders
  A shadow imp (D:8)
  An ooze (D:2)
  An adder zombie (D:9)
  2 worms
  5 dart slugs
  8 leopard geckos
  24 orcs
  5 giant cockroaches
  10 goblins
  7 hobgoblins
  11 jackals
  8 quokkas
  11 bats
  7 frilled lizards
  5 kobolds
  2 leopard gecko zombies
  A quokka zombie (D:8)
  8 rats
241 creatures vanquished.

Vanquished Creatures (others)
  7 bushes (D:8)
  42 fungi (D:10)
  26 plants
75 creatures vanquished.

Grand Total: 316 creatures vanquished

Notes
Turn   | Place    | Note
-------+----------+-------------------------------------------
     0 | D:1      | MisterFreud the Kobold Berserker began the quest for the
                  | Orb.
     0 | D:1      | Reached XP level 1. HP: 14/14 MP: 1/1
   480 | D:1      | Reached XP level 2. HP: 19/19 MP: 2/2
   700 | D:1      | Reached skill level 5 in Short Blades
   946 | D:1      | Reached XP level 3. HP: 15/23 MP: 3/3
  1229 | D:2      | Reached skill level 6 in Short Blades
  1246 | D:2      | Reached ** piety under Trog
  1246 | D:2      | Reached XP level 4. HP: 27/28 MP: 4/4
  1379 | D:2      | Found an ancient bone altar of Kikubaaqudgha.
  1544 | D:2      | Found a runed door.
  1849 | D:2      | Reached skill level 7 in Short Blades
  1968 | D:2      | Reached XP level 5. HP: 24/32 MP: 5/5
  2080 | D:2      | Noticed Crazy Yiuf
  2088 | D:2      | Killed Crazy Yiuf
  3150 | D:3      | Reached skill level 8 in Short Blades
  3246 | D:4      | Noticed an ogre
  3311 | D:4      | Reached XP level 6. HP: 37/37 MP: 6/6
  3320 | D:4      | Noticed Dowan
  3320 | D:4      | Noticed Duvessa
  3341 | D:4      | Reached *** piety under Trog
  3520 | D:4      | Killed Duvessa
  3520 | D:4      | Reached skill level 9 in Short Blades
  3531 | D:4      | Killed Dowan
  3531 | D:4      | Reached XP level 7. HP: 33/41 MP: 7/7
  3532 | D:4      | Reached skill level 10 in Short Blades
  3758 | D:4      | Reached skill level 11 in Short Blades
  3877 | D:4      | Reached XP level 8. HP: 35/46 MP: 8/8
  4235 | D:4      | Noticed Pikel
  4382 | D:4      | Killed Pikel
  4382 | D:4      | Reached skill level 13 in Short Blades
  4452 | D:5      | Entered Level 5 of the Dungeon
  4516 | D:5      | Reached skill level 1 in Stealth
  4653 | D:5      | Reached **** piety under Trog
  4664 | D:5      | Reached XP level 9. HP: 44/51 MP: 9/9
  4817 | D:5      | Found a transporter.
  4876 | D:5      | Found a transporter.
  5146 | D:5      | Reached skill level 5 in Stealth
  5357 | D:6      | Noticed Sigmund
  5368 | D:6      | Killed Sigmund
  5780 | D:6      | Noticed Prince Ribbit
  5789 | D:6      | Killed Prince Ribbit
  5996 | D:6      | Reached skill level 5 in Dodging
  6017 | D:6      | Noticed Blork the orc
  6025 | D:6      | Killed Blork the orc
  6215 | D:6      | Found an opulent altar of Gozag.
  7017 | D:7      | Found a staircase to the Ecumenical Temple.
  7751 | D:8      | Reached XP level 10. HP: 56/56 MP: 10/10
  7902 | D:8      | Found a basalt altar of Yredelemnul.
  7924 | D:8      | Got a faintly humming chain mail
  7931 | D:8      | Noticed a two-headed ogre
  7951 | D:8      | Killed a two-headed ogre
  8033 | D:8      | Reached skill level 1 in Evocations
  8313 | D:8      | Found a blossoming altar of Fedhas.
  8352 | D:8      | Reached skill level 5 in Evocations
  8410 | D:8      | Found a glowing silver altar of Zin.
  8477 | D:8      | Identified Surydara's Papyrus of Hurtful Orientation
  8692 | D:9      | Found a staircase to the Orcish Mines.
  8951 | D:9      | Identified the cursed +0 chain mail "Biqaptur" {-Tele Int+4
                  | Dex+4} (You found it on level 8 of the Dungeon)
  8996 | D:9      | Found an ornate altar of the Wu Jian Council.
  8997 | D:9      | Found a glowing golden altar of the Shining One.
  8997 | D:9      | Found an iron altar of Okawaru.
  9000 | D:9      | Found a snail-covered altar of Cheibriados.
  9453 | D:10     | Entered Level 10 of the Dungeon
  9791 | D:10     | Reached skill level 10 in Dodging
  9791 | D:10     | Reached XP level 11. HP: 58/66 MP: 15/15
  9946 | D:10     | Found a staircase to the Lair.
 10202 | D:10     | HP: 3/69 [something (6)]
 10209 | D:10     | Slain by an unseen horror

Vault maps used:
D:1:      minmay_arrival_doors
D:2:      nicolae_overflow_crystal_walls, uniq_crazy_yiuf_cottage
D:4:      serial_corexii_hall, corexii_hall_statues_deadend,
          corexii_hall_statues_l, uniq_pikel, uniq_duvessa
D:5:      gammafunk_wand_slinger, first_ration
D:6:      nicolae_gozag_seed_capital, serial_bayou, serial_bayou_crossing,
          serial_bayou_pond_b, serial_bayou_pond_d, serial_bayou_pond_d,
          uniq_sigmund, uniq_blork_the_orc, uniq_prince_ribbit1
D:7:      temple_pool_b
D:8:      yredelemnul_altar_generic, fedhas_altar_decomposition, zin_treasury
D:9:      grunt_temple_overflow_open, orc_0_dummy
D:10:     due_lair_maze_entry_diamond, the_bakery

Skill      XL: |  1  2  3  4  5  6  7  8  9 10 11 |
---------------+----------------------------------+-----
Short Blades   | 5 6 7 8 9 11 13 | 13.1
Stealth        | 3 8 |  8.0
Dodging        | 7 10 | 10.0
Fighting       | 6 8 |  8.9
Evocations     | 6 |  6.0
Armour         | |  1.5

Action                   |  1- 3 |  4- 6 |  7- 9 | 10-12 || total
-------------------------+-------+-------+-------+-------++-------
Melee: Short sword       |     7 |    96 |   545 |   481 ||  1129
       Dagger            |    65 |    80 |       |       ||   145
Invok: Berserk           |       |     2 |     9 |     7 ||    18
       Trog's Hand       |       |     2 |     2 |     6 ||    10
  Use: Scroll            |     1 |     3 |    13 |     4 ||    21
       Potion            |       |       |       |     2 ||     2
 Stab: Sleeping          |     3 |     1 |    10 |    15 ||    29
       Distracted        |       |       |     1 |       ||     1
  Eat: Chunk             |     9 |     8 |    28 |    17 ||    62
Armor: Animal skin       |     4 |    18 |    54 |    29 ||   105
Dodge: Dodged            |    36 |    84 |   220 |   248 ||   588
Block: Other             |    12 |    24 |    67 |    58 ||   161

Table legend:
 A = Non-vault XP
 B = Vault XP
 C = Vault XP percentage of total XP
 D = Non-vault monster count
 E = Vault monster count
 F = Vault count percentage of total count
                 A         B        C        D         E       F
            +---------+---------+-------+---------+---------+-------
      Total |    6592 |    3450 |  34.4 |     213 |      26 |  10.9
            +---------+---------+-------+---------+---------+-------
        D:1 |      40 |       0 |   0.0 |      22 |       0 |   0.0
        D:2 |     109 |      41 |  27.3 |      26 |       1 |   3.7
        D:3 |      85 |       0 |   0.0 |      29 |       0 |   0.0
        D:4 |     738 |     838 |  53.2 |      35 |       3 |   7.9
        D:5 |     504 |       0 |   0.0 |      17 |       0 |   0.0
        D:6 |     329 |     646 |  66.3 |      10 |       5 |  33.3
        D:7 |     506 |       0 |   0.0 |      16 |       0 |   0.0
        D:8 |    1938 |     653 |  25.2 |      22 |       7 |  24.1
        D:9 |     907 |       0 |   0.0 |      17 |       0 |   0.0
       D:10 |    1436 |    1272 |  47.0 |      19 |      10 |  34.5
            +---------+---------+-------+---------+---------+-------
